 Dungeon Crawl Stone Soup version 0.21-a0-215-g0631661 (console) character file.

141 Duffy the Firebug (level 5, -3/28 HPs)
             Began as a Deep Elf Fire Elementalist on Aug 22, 2017.
             Slain by a gnoll
             ... wielding a +0 spear
              (10 damage)
             ... on level 3 of the Dungeon.
             The game lasted 00:04:06 (2726 turns).

Duffy the Firebug (Deep Elf Fire Elementalist)      Turns: 2726, Time: 00:04:06

Health: -3/28      AC:  5    Str:  5    XL:     5   Next: 3%
Magic:  8/13       EV: 13    Int: 21    God:
Gold:   191        SH:  0    Dex: 15    Spells: 4/12 levels left

rFire    . . .     SeeInvis .   (no weapon)
rCold    . . .     Gourm    .   (no shield)
rNeg     . . .     Faith    .   a - +1 robe
rPois    .         Spirit   .   (no helmet)
rElec    .         Reflect  .   (no cloak)
rCorr    .         Harm     .   (no gloves)
MR       .....                  (no boots)
Stlth    ++........             (no amulet)
HPRegen  0.09/turn              l - +2 ring of protection
MPRegen  0.13/turn              (no ring)

@: very slightly contaminated
A: no striking features
a: no special abilities


You were on level 3 of the Dungeon.
You were not hungry.

You visited 1 branch of the dungeon, and saw 4 of its levels.

You collected 191 gold pieces.

Inventory:

Armour
 a - a +1 robe (worn)
Jewellery
 l - a +2 ring of protection (left hand)
Scrolls
 f - 2 scrolls of teleportation
 k - a scroll of remove curse
 m - a scroll of fear
Potions
 e - a potion of ambrosia
 g - 3 potions of brilliance
 j - 4 potions of heal wounds
 o - 2 potions of curing
 p - a potion of lignification {unknown}
Books
 b - a book of Flames

   Spells                             Type                      Level
   a - Flame Tongue                   Conjuration/Fire             1
   b - Throw Flame                    Conjuration/Fire             2
   c - Conjure Flame                  Conjuration/Fire             3
   d - Inner Flame                    Hexes/Fire                   3
   e - Sticky Flame                   Conjuration/Fire             4
   f - Fireball                       Conjuration/Fire             5
Comestibles
 c - 4 bread rations
 d - a royal jelly
 h - 3 chunks of flesh


   Skills:
 - Level 2.4 Dodging
 - Level 2.4 Stealth
 + Level 4.3 Spellcasting
 * Level 3.7 Conjurations
 + Level 4.3 Fire Magic


You had 4 spell levels left.
You knew the following spells:

 Your Spells              Type           Power        Failure   Level  Hunger
a - Flame Tongue          Conj/Fire      ###..        2%          1    None
j - Sticky Flame          Conj/Fire      ###.....     22%         4    ####...
l - Conjure Flame         Conj/Fire      ###.....     7%          3    ##.....


Dungeon Overview and Level Annotations

Branches:
Dungeon (4/15)
 Temple: D:4-7

Altars:
Uskayaw


Message History

The gnoll is almost dead.
The gnoll hits you with an enchanted halberd!
The gnoll hits you but does no damage.
Cast which spell? (? or * to list)
Aiming: Flame Tongue
Press: ? - help, Shift-Dir - straight line, f/p - gnoll
Aim: a gnoll, wielding an enchanted halberd (almost dead)
You miscast Flame Tongue.
You are very lightly contaminated with residual magic.
Nothing appears to happen.
The gnoll barely misses you. The gnoll hits you but does no damage.
Cast which spell? (? or * to list)
Aiming: Flame Tongue
Press: ? - help, Shift-Dir - straight line, f/p - gnoll
Aim: a gnoll, wielding an enchanted halberd (almost dead)
The flame tongue hits the gnoll.
You kill the gnoll!
You have reached level 5!
The gnoll hits you with a spear!
You die...

############ #........g.#
#........)@# ### #..........#
..#####..........#
#................#
#######.........## .##
###..####..############ ..#
#..## #.............####
#.######.## #######..........#
#...#....############.......##.#


You could see a gnoll.

Vanquished Creatures
  3 gnolls
  6 adders
  An ooze (D:1)
  2 worms (D:2)
  2 dart slugs
  2 leopard geckos (D:3)
  2 orcs (D:3)
  A giant cockroach (D:1)
  3 goblins
  6 hobgoblins
  2 jackals (D:2)
  5 kobolds
  A quokka (D:2)
  2 bats
  4 frilled lizards
  7 rats
49 creatures vanquished.

Notes
Turn   | Place    | Note
-------+----------+-------------------------------------------
     0 | D:1      | Duffy the Deep Elf Fire Elementalist began the quest for the Orb.
     0 | D:1      | Reached XP level 1. HP: 10/10 MP: 6/6
   129 | D:1      | Reached XP level 2. HP: 11/15 MP: 0/8
   817 | D:2      | Reached XP level 3. HP: 17/19 MP: 3/10
   823 | D:2      | Learned a level 3 spell: Conjure Flame
  1687 | D:2      | Reached XP level 4. HP: 24/24 MP: 9/11
  1693 | D:2      | Learned a level 4 spell: Sticky Flame
  1922 | D:3      | Found a hide-covered altar of Uskayaw.
  2726 | D:3      | Reached XP level 5. HP: 7/28 MP: 8/13
  2726 | D:3      | Slain by a gnoll

Vault maps used:
D:1:      scummos_arrival_simple_crosswalls
D:3:      lemuel_round_altar, first_bread, kennysheep_generic_room_16
D:4:      kennysheep_mini_moat, uniq_duvessa

Skill      XL: |  1  2  3  4 |
---------------+-------------+-----
Conjurations   | 2 3 |  3.7
Spellcasting   | 4 |  4.3
Fire Magic     | 4 |  4.3
Dodging        | |  2.4
Stealth        | |  2.4

Action                   |  1- 3 |  4- 6 || total
-------------------------+-------+-------++-------
 Cast: Flame Tongue      |    57 |    37 ||    94
       Conjure Flame     |       |     1 ||     1
  Use: Scroll            |     4 |     8 ||    12
  Eat: Chunk             |     2 |     3 ||     5
Armor: Robe              |     1 |     5 ||     6
Dodge: Dodged            |    10 |    11 ||    21

Table legend:
 A = Spawn XP
 B = Non-spawn XP
 C = Spawn XP percentage of total XP
 D = Spawn monster count
 E = Non-spawn monster count
 F = Spawn count percentage of total count
 G = Total turns spent on level
                    A         B        C        D         E        F      G
               +---------+---------+-------+---------+---------+-------+---------
         Total |      32 |     170 |  15.8 |       9 |      40 |  18.4 |  2726
               +---------+---------+-------+---------+---------+-------+---------
           D:1 |       0 |      20 |   0.0 |       0 |       8 |   0.0 |   704
           D:2 |      24 |      53 |  31.2 |       5 |      17 |  22.7 |  1030
           D:3 |       8 |      69 |  10.4 |       4 |      13 |  23.5 |   916
           D:4 |       0 |      28 |   0.0 |       0 |       2 |   0.0 |    76
               +---------+---------+-------+---------+---------+-------+---------
